 Dungeon Crawl Stone Soup version 0.29.0-7-g18a832c13a (webtiles) character file.

Game seed: 17167244842586804402

136 SnakkuSnakku7 the Trooper (level 5, 0/41 HPs)
             Began as a Merfolk Air Elementalist on Aug 30, 2022.
             Slain by Natasha (5 damage)
             ... on level 3 of the Dungeon.
             The game lasted 00:05:30 (4393 turns).

SnakkuSnakku7 the Trooper (MfAE)                    Turns: 4393, Time: 00:05:31

Health: 0/41       AC:  4    Str:  9    XL:     5   Next: 19%
Magic:  8/8        EV: 12    Int: 14    God:
Gold:   121        SH:  0    Dex: 16    Spells: 7/8 levels left

rFire   + . .      SeeInvis .   a - +0 sling
rCold   x . .      Faith    .   (no shield)
rNeg    + . .      Spirit   .   u - +0 leather armour
rPois   .          Reflect  .   (no helmet)
rElec   .          Harm     .   t - +0 cloak
rCorr   .          Rampage  .   (no gloves)
Will    .....                   (no boots)
Stlth   ++........              (no amulet)
HPRegen 0.13/turn               p - ring of positive energy
MPRegen 0.11/turn               m - ring of fire

@: no status effects
A: (nimble swimmer 2), mertail
a: no special abilities


You were on level 3 of the Dungeon.
You visited 1 branch of the dungeon, and saw 3 of its levels.

You collected 121 gold pieces.

Inventory:

Hand Weapons
 a - a +0 sling (weapon)
 b - a +3 dagger of venom
 d - a +0 mace
 n - a +1 dagger of speed
Armour
 f - a scarf of shadows
 k - a +0 scale mail
 r - a +0 robe
 t - a +0 cloak (worn)
 u - a +0 leather armour (worn)
Jewellery
 m - a ring of fire (right hand)
 p - a ring of positive energy (left hand)
Scrolls
 c - a scroll of butterflies {unknown}
 e - 6 scrolls of identify {unknown}
 g - a scroll of noise {unknown}
 l - 2 scrolls of magic mapping {unknown}
 o - 2 scrolls of enchant armour {unknown}
 q - 3 scrolls of enchant weapon {unknown}
 v - a scroll of silence {unknown}
Potions
 h - a potion of flight
 i - 2 potions of curing
 j - a potion of haste {unknown}
 s - a potion of heal wounds {unknown}
 w - a potion of magic


   Skills:
 - Level 3.1 Fighting
 + Level 2.8 Ranged Weapons
 - Level 2.6 Dodging
 - Level 2.1 Stealth
 - Level 2.0 Spellcasting
 - Level 0.7 Conjurations
 - Level 2.4 Air Magic


You had 7 spell levels left.
You knew the following spells:

 Your Spells              Type           Power      Damage    Failure   Level
a - Shock                 Conj/Air       20%        1d4       19%         1

Your spell library contained the following spells:

 Spells                   Type           Power      Damage    Failure   Level
 Static Discharge         Conj/Air       5%         3-4/arc   26%         2
 Apportation              Tloc           2%         N/A       32%         1
 Necrotise                Necr           4%         1d4       32%         1
 Summon Small Mammal      Summ           4%         N/A       32%         1
 Swiftness                Air            8%         N/A       36%         3
 Airstrike                Air            4%         2d(1-17)  77%         4


Dungeon Overview and Level Annotations

Branches:
Dungeon (3/15)

Altars:
Nemelex Xobeh

Shops:
D:3 =

Annotations:
D:3 Natasha


Innate Abilities, Weirdness & Mutations

((You are very nimble when in or above water. (Stealth+, EV+, Speed+++)))
Your lower body shifts to a powerful aquatic tail in water.


Message History

The sling bullet closely misses Natasha.
Natasha barely misses you.
You shoot a sling bullet.
The sling bullet completely misses Natasha.
The sling bullet hits the rat.
You kill the rat!
Natasha barely misses you.
You shoot a sling bullet. The sling bullet hits Natasha.
Natasha is almost dead.
Natasha claws you.
Natasha stares at you and mumbles some strange words.
The magic dart hits you.
You are too injured to fight recklessly!
You are too injured to fight recklessly!
You are too injured to fight recklessly!
You are too injured to fight recklessly!
Fire: a) +0 sling
Press: ? - help, Q - select action, (/) - cycle Shift-Dir - straight line, f/p - Natasha
Aim: Natasha (almost dead, 51% to hit)
You shoot a sling bullet.
The sling bullet closely misses Natasha.
Natasha claws you.
Fire: a) +0 sling
Press: ? - help, Q - select action, (/) - cycle Shift-Dir - straight line, f/p - Natasha
Aim: Natasha (almost dead, 51% to hit)
You shoot a sling bullet. The sling bullet misses Natasha.
Natasha casts a spell.
Natasha closely misses you.
Fire: a) +0 sling
Press: ? - help, Q - select action, (/) - cycle Shift-Dir - straight line, f/p - Natasha
Aim: Natasha (almost dead, 51% to hit)
You shoot a sling bullet.
The sling bullet closely misses Natasha.
Natasha barely misses you. The white imp gestures at you.
The puff of frost hits you!
You feel a terrible chill!
* * * LOW HITPOINT WARNING * * *
Unknown command.
Natasha attacks as you move away! Natasha claws you.
You die...

######### '###+##
+#######........
#.......#..#.....5.....
# ......#..#......†..
'###'###'..'.....h#
#.'...'.#..####.@.#
#.#...#.#..##...#.)..#
'.#._.#.'##'..#...##.#
#.#...#.#..#>.##.......
#.'...'.#.)#............
'###'###'..'.##>####...
#.......#..### .# #.#
#.......#..# # ..
'###'###'###


You could see Natasha and a white imp (summoned).

Vanquished Creatures
  5 adders
  A worm (D:2)
  3 orcs (D:3)
  6 endoplasms
  4 giant cockroaches
  5 hobgoblins
  2 jackals (D:2)
  7 quokkas
  7 ball pythons
  3 bats
  A frilled lizard (D:3)
  6 goblins
  4 kobolds
  5 rats
59 creatures vanquished.

Vanquished Creatures (others)
  An orc wizard (D:3)
1 creature vanquished.

Grand Total: 60 creatures vanquished

Notes
Turn   | Place    | Note
-------+----------+-------------------------------------------
     0 | D:1      | SnakkuSnakku7 the Merfolk Air Elementalist began the quest
                  | for the Orb.
     0 | D:1      | Reached XP level 1. HP: 13/13 MP: 3/3
   187 | D:1      | Reached skill level 1 in Fighting
   295 | D:1      | Reached XP level 2. HP: 7/22 MP: 5/5
   653 | D:1      | Reached skill level 2 in Fighting
  1634 | D:1      | Reached XP level 3. HP: 15/28 MP: 6/6
  1999 | D:2      | Reached skill level 3 in Fighting
  2405 | D:2      | Reached skill level 1 in Ranged Weapons
  2735 | D:2      | Reached XP level 4. HP: 35/35 MP: 7/7
  3636 | D:3      | Found Fiwnoc's Jewellery Shoppe.
  3741 | D:3      | Reached XP level 5. HP: 8/41 MP: 8/8
  4356 | D:3      | Found a sparkling altar of Nemelex Xobeh.
  4381 | D:3      | Noticed Natasha
  4393 | D:3      | Slain by Natasha

Illustrated notes

Levels and vault maps discovered:
D:1:      dpeg_arrival_erosion, layout_basic
D:2:      layout_basic, chequers_serial_rivers_micro_a
D:3:      layout_loops_ring, mainiacjoe_overflow_24_doors, serial_shops,
          nicolae_lakefront_shop, st_stairs_9, uniq_natasha

Skill      XL: |  1  2  3  4 |
---------------+-------------+-----
Fighting       | 1 2 3 |  3.1
Ranged Weapons | 1 2 |  2.8
Dodging        | |  2.6
Stealth        | |  2.1
Spellcasting   | |  2.0
Conjurations   | |  0.7
Air Magic      | |  2.4

Action                   |  1- 3 |  4- 6 || total
-------------------------+-------+-------++-------
Melee: Mace              |    79 |       ||    79
       Unarmed           |    12 |       ||    12
       Dagger            |     8 |       ||     8
       Punch             |     1 |       ||     1
 Fire: Sling             |    30 |   101 ||   131
 Cast: Shock             |    29 |     6 ||    35
  Use: Potion            |       |     2 ||     2
 Stab: Sleeping          |     5 |       ||     5
Armor: Robe              |    32 |       ||    32
       Leather armour    |       |    18 ||    18
Dodge: Dodged            |   113 |    52 ||   165
